 Dungeon Crawl Stone Soup version 0.27-a0-1287-gca74d27db6 (webtiles) character file.

Game seed: 14019510438192737149

175 Mesmaeker13 the Grave Robber (level 5, 0/35 HPs)
             Began as a Mummy Necromancer on June 14, 2021.
             Slain by a water moccasin zombie (6 damage)
             ... on level 5 of the Dungeon.
             The game lasted 00:05:06 (3898 turns).

Mesmaeker13 the Grave Robber (Mummy Necromancer)    Turns: 3898, Time: 00:05:07

Health: 0/35       AC:  5    Str: 12    XL:     5   Next: 29%
Magic:  11/11      EV: 12    Int: 15    God:
Gold:   114        SH:  0    Dex: 12    Spells: 3/12 levels left

rFire    x . .     SeeInvis .   d - +1 hand axe
rCold    + . .     Faith    .   (no shield)
rNeg     + + +     Spirit   .   a - +0 robe
rPois    ∞         Reflect  .   (no helmet)
rElec    .         Harm     .   (no cloak)
rCorr    .         Rampage  .   f - +0 pair of gloves
Will     .....                  b - +1 pair of boots
Stlth    ++........             (no amulet)
HPRegen  0.11/turn              (no ring)
MPRegen  0.12/turn              (no ring)

@: no status effects
A: cold resistance 1, negative energy resistance 3, torment resistance 2, heat
vulnerability 1, no potions
a: no special abilities


You were on level 5 of the Dungeon.
You visited 1 branch of the dungeon, and saw 5 of its levels.

You collected 114 gold pieces.

Inventory:

Hand Weapons
 d - a +1 hand axe (weapon)
 m - a +0 trident
Armour
 a - a +0 robe (worn)
 b - a +1 pair of boots (worn)
 f - a +0 pair of gloves (worn)
Jewellery
 h - an amulet of faith
Scrolls
 e - a scroll of brand weapon {unknown}
 g - 2 scrolls of fog
 i - a scroll of enchant weapon
 j - a scroll of fear
 k - a scroll of enchant armour
 l - a scroll of magic mapping


   Skills:
 + Level 2.9 Dodging
 - Level 1.5 Stealth
 + Level 4.4 Spellcasting
 + Level 5.0 Necromancy


You had 3 spell levels left.
You knew the following spells:

 Your Spells              Type           Power      Damage    Failure   Level
a - Pain                  Necr           72%        1d7       2%          1
b - Animate Skeleton      Necr           36%        N/A       2%          1
c - Vampiric Draining     Necr           9%         2d7       7%          3
d - Animate Dead          Necr           9%         N/A       22%         4

Your spell library contained the following spells:

 Spells                   Type           Power      Damage    Failure   Level
 Shock                    Conj/Air       12%        1d3       17%         1
 Static Discharge         Conj/Air       3%         N/A       26%         2
 Swiftness                Air            3%         N/A       45%         3
 Agony                    Necr           18%        N/A       52%         5
 Airstrike                Air            1%         N/A       86%         4
 Lightning Bolt           Conj/Air       1%         1d12      99%         5


Dungeon Overview and Level Annotations

Branches:
Dungeon (5/15)
 Temple: D:4-7

Altars:

Annotations:
D:4 Pikel


Innate Abilities, Weirdness & Mutations

You are immune to poison.
Your flesh is cold resistant. (rC+)
You are immune to negative energy. (rN+++)
You are immune to unholy pain and torment.
You are vulnerable to heat. (rF-)
You do not drink.


Message History

The water moccasin zombie closely misses you.
You hit the water moccasin zombie.
The water moccasin zombie is lightly damaged.
The water moccasin zombie bites you.
You hit the water moccasin zombie.
The water moccasin zombie is moderately damaged.
The water moccasin zombie closely misses you.
The water moccasin zombie bites you.
You hit the water moccasin zombie.
The water moccasin zombie is moderately damaged.
The water moccasin zombie closely misses you.
You hit the water moccasin zombie.
The water moccasin zombie is heavily damaged.
The water moccasin zombie bites you.
The water moccasin zombie barely misses you.
You closely miss the water moccasin zombie.
The water moccasin zombie is heavily damaged.
The water moccasin zombie closely misses you.
The water moccasin zombie bites you!
You barely miss the water moccasin zombie.
The water moccasin zombie is heavily damaged.
The water moccasin zombie bites you.
* * * LOW HITPOINT WARNING * * *
You hit the water moccasin zombie.
The water moccasin zombie is heavily damaged.
The water moccasin zombie bites you.
* * * LOW HITPOINT WARNING * * *
The water moccasin zombie misses you.
You hit the water moccasin zombie.
The water moccasin zombie is heavily damaged.
The water moccasin zombie closely misses you.
You closely miss the water moccasin zombie.
The water moccasin zombie is heavily damaged.
The water moccasin zombie bites you.
* * * LOW HITPOINT WARNING * * *
The water moccasin zombie closely misses you.
You hit the water moccasin zombie.
The water moccasin zombie is severely damaged.
The water moccasin zombie bites you.
You die...

... #.......).÷)### #.#
#..####...#### # #.# #.#
###.# # #.# #.# #.# ## #.#
#.# #.# #. #.# #.#
#####.#####. #.### #.#
#........##.
#...########.###........#..
##........@Z............#..
#)###.#####.###...........
#.###...###.# #....(...<#.
#..####.....# #.........##
##.# ###.### ###...###.#
... ...# #.### #.#
...Z..#.. #..# #.#
.....##### ..... #.# .....#
.### ..#


You could see a water moccasin zombie.

Vanquished Creatures
  A water moccasin skeleton (D:5)
  A hound (D:5)
  An orc priest (D:5)
  An adder (D:2)
  An adder skeleton (D:4)
  3 dart slugs (D:2)
  4 orcs (D:5)
  6 bats
  2 endoplasms (D:3)
  A giant cockroach (D:3)
  6 goblins
  2 hobgoblins
  3 quokkas
  6 ball pythons
  5 frilled lizards
  4 kobolds
  4 rats
51 creatures vanquished.

Notes
Turn   | Place    | Note
-------+----------+-------------------------------------------
     0 | D:1      | Mesmaeker13 the Mummy Necromancer began the quest for the
                  | Orb.
     0 | D:1      | Reached XP level 1. HP: 13/13 MP: 4/4
   164 | D:1      | Found a faded altar of an unknown god.
   492 | D:1      | You fall into a shaft and drop 1 floor!
   643 | D:1      | Reached XP level 2. HP: 19/19 MP: 6/6
  1249 | D:2      | Learned a level 1 spell: Animate Skeleton
  1341 | D:2      | You fall into a shaft and drop 1 floor!
  1628 | D:2      | Reached XP level 3. HP: 24/24 MP: 5/7
  2117 | D:2      | Found Vecrel's Assorted Antiques.
  2423 | D:3      | Learned a level 3 spell: Vampiric Draining
  2788 | D:4      | Noticed a lemure
  2788 | D:4      | Noticed a lemure
  2788 | D:4      | Noticed Pikel
  2789 | D:4      | Noticed a lemure
  2789 | D:4      | Noticed a lemure
  3305 | D:5      | Entered Level 5 of the Dungeon
  3309 | D:5      | Noticed a sky beast
  3320 | D:5      | Reached XP level 4. HP: 18/30 MP: 10/10
  3456 | D:5      | Reached XP level 5. HP: 26/35 MP: 5/11
  3580 | D:5      | Reached skill level 5 in Necromancy
  3832 | D:5      | Learned a level 4 spell: Animate Dead
  3898 | D:5      | Slain by a water moccasin zombie

Illustrated notes

Levels and vault maps discovered:
D:1:      amcnicky_arrival_wind_blow, layout_loops_ring,
          shapermc_ecumenical_altar_starsandcircs
D:2:      layout_loops_ring, serial_shops, nicolae_shop_trees,
          minmay_pentomino_pile
D:3:      layout_basic, minmay_crystal_water
D:4:      layout_gridville, lemuel_doored_altar, minmay_manual_macuahuitl,
          uniq_pikel
D:5:      layout_rooms

Skill      XL: |  1  2  3  4  5 |
---------------+----------------+-----
Spellcasting   | 3 4 |  4.4
Dodging        | 2 |  2.9
Necromancy     | 5 |  5.0
Stealth        | |  1.5

Action                   |  1- 3 |  4- 6 || total
-------------------------+-------+-------++-------
Melee: Dagger            |    24 |       ||    24
       Hand axe          |    13 |    23 ||    36
 Cast: Pain              |    70 |    20 ||    90
       Animate Skeleton  |     1 |       ||     1
  Use: Scroll            |     4 |     1 ||     5
 Stab: Sleeping          |     2 |       ||     2
Armor: Robe              |    13 |     6 ||    19
Dodge: Dodged            |    40 |    28 ||    68

Table legend: (Time is in decaauts)
 A = Elapsed time spent in this place.
 B = Non-inter-level travel time spent in this place.
 C = Inter-level travel time spent in this place.
 D = Time resting spent in this place.
 E = Time spent auto-exploring this place.
 F = Levels seen in this place.
 G = Mean time per level.
                   A        B        C        D        E       F      G
               +--------+--------+--------+--------+--------+-----+--------+
         Total |   3911 |   3735 |    176 |    714 |   2335 |   5 |  782.2 |
       Dungeon |   3911 |   3735 |    176 |    714 |   2335 |   5 |  782.2 |
               +--------+--------+--------+--------+--------+-----+--------+

Top non-repeatable levels by time:
     D:1: 1122 daAuts
     D:2: 1041 daAuts
     D:3: 722 daAuts
     D:5: 602 daAuts
     D:4: 423 daAuts
